 Dungeon Crawl Stone Soup version 0.31-a0-544-gceb718ecc6 (webtiles) character file.

Game seed: 9740930192248993098

657 RepHenryClay the Conjurer (level 7, -1/36 HPs)
             Began as a Deep Elf Conjurer on Aug 15, 2023.
             Was an Initiate of Vehumet.
             Slain by Edmund
             ... wielding a +1 flail of holy wrath
              (13 damage)
             ... on level 4 of the Dungeon.
             The game lasted 00:08:46 (4930 turns).

RepHenryClay the Conjurer (Deep Elf Conjurer)       Turns: 4930, Time: 00:08:46

Health: -1/36      AC:  4    Str:  4    XL:     7   Next: 29%
Magic:  3/17       EV: 15    Int: 23    God:    Vehumet [......]
Gold:   260        SH:  0    Dex: 15    Spells: 10/17 levels left

rFire   . . .        d - +2 dagger (venom)
rCold   . . .        (no shield)
rNeg    . . .        a - +0 robe
rPois   .            k - +1 helmet
rElec   .            (no cloak)
rCorr   .            (no gloves)
SInv    .            (no boots)
Will    .....        (no amulet)
Stlth   ++           m - ring of wizardry
HPRegen 0.26/turn    (no ring)
MPRegen 0.15/turn

%: wizardry (x1)
@: brilliant, very slightly contaminated
A: no striking features
a: Renounce Religion


You were on level 4 of the Dungeon.
You worshipped Vehumet.
Vehumet was noncommittal.
You visited 2 branches of the dungeon, and saw 5 of its levels.
You also visited: Sewer.

You collected 260 gold pieces.

Inventory:

Hand Weapons
 d - a +2 dagger of venom (weapon)
Missiles
 o - 2 throwing nets
Armour
 a - a +0 robe (worn)
 k - a +1 helmet (worn)
Jewellery
 m - a ring of wizardry (left hand)
Wands
 l - a wand of roots (6)
Scrolls
 c - 4 scrolls of teleportation {unknown}
 f - 2 scrolls of revelation {unknown}
 g - a scroll of immolation {unknown}
 j - a scroll of identify {unknown}
 r - 3 scrolls of fog {unknown}
 s - a scroll of vulnerability {unknown}
Potions
 b - 2 potions of magic
 e - a potion of heal wounds {unknown}
 h - a potion of haste {unknown}
 i - a potion of curing
 n - a potion of might {unknown}
 p - a potion of mutation {unknown}
 q - a potion of brilliance
 t - 2 potions of berserk rage {unknown}


   Skills:
 * Level 6.5 Dodging
 - Level 2.4 Stealth
 + Level 5.5 Spellcasting
 + Level 7.0 Conjurations


You had 10 spell levels left.
You knew the following spells:

 Your Spells              Type           Power      Damage    Failure   Level
a - Magic Dart            Conj           100%       1d8       1%          1
b - Searing Ray           Conj           100%       2d8       1%          2
c - Iskenderun's Mystic   Conj/Tloc      33%        2d8       9%          4

Your spell library contained the following spells:

 Spells                   Type           Power      Damage    Failure   Level
 Dazzling Flash           Conj/Hex       66%        N/A       2%          3
 Lesser Beckoning         Tloc           18%        N/A       6%          2
 Fulminant Prism          Conj/Hex       16%        3d10      9%          4
 Call Canine Familiar     Summ           9%         N/A       11%         3
 Gell's Gravitas          Tloc           9%         N/A       11%         3
 Portal Projectile        Hex/Tloc       18%        N/A       11%         3
 Teleport Other           Tloc           9%         N/A       11%         3
 Leda's Liquefaction      Hex/Erth       4%         N/A       32%         4


Dungeon Overview and Level Annotations

Branches:
Dungeon (4/15)             Temple (1/1) D:4           Sewer (visited)

Altars:
Ashenzari
Cheibriados
Elyvilon
Gozag
Hepliaklqana
Nemelex Xobeh
Okawaru
Trog
Uskayaw
Vehumet
Wu Jian
Yredelemnul
Zin

Shops:
D:4 ::!!

Annotations:
D:4 Edmund


Message History

You finish channelling your searing ray.
Edmund barely misses you.
Casting: Searing Ray (safe; 1% risk of failure)
Confirm with . or Enter, or press ? or * to list all spells.
Aiming: Searing Ray (safe; 1% risk of failure)
Press: ? - help, Shift-Dir - straight line, f/p - Edmund
Aim: Edmund, wielding a +1 flail of holy wrath and wearing a +0 chain mail (heavily wounded, 86% to hit)
The searing ray hits Edmund but does no damage.
Edmund is heavily wounded. (Press . to maintain the ray.) Edmund gestures with his flail.
Edmund hits you with a +1 flail of holy wrath.
Damage: -16%(-6hp) hp: 84%(30hp) Unknown command.
The searing ray hits Edmund.
Edmund is heavily wounded.
Edmund hits you with a +1 flail of holy wrath!
Huge Dmg: -22%(-8hp) hp: 62%(22hp)
The searing ray hits Edmund.
Edmund is heavily wounded.
Edmund hits you with a +1 flail of holy wrath!
Huge Dmg: -20%(-7hp) hp: 42%(15hp)
The searing ray hits Edmund!
Edmund is severely wounded.
You finish channelling your searing ray.
Edmund closely misses you.
Unknown command.
Casting: Searing Ray (safe; 1% risk of failure)
Confirm with . or Enter, or press ? or * to list all spells.
You miscast Iskenderun's Mystic Blast.
You are very lightly contaminated with residual magic.
Nothing appears to happen.
Edmund hits you with a +1 flail of holy wrath.
* * * LOW HITPOINT WARNING * * *
Huge Dmg: -11%(-4hp) hp: 31%(11hp) It was a potion of brilliance.
You feel clever all of a sudden.
Edmund grinds his teeth, and then sighs.
Edmund hits you with a +1 flail of holy wrath!
You die...

.......##
##.......####.......#....
........#
##...#######.......#....
......).## #####
#..'...8...'.... .........##
##.##......†#....
..........##
###...#.......#....
...........#
###.....##.....##.#..
...........#
##.....÷..###+######..
...........# #.............
#. ...........#
#...@.......... #
#########..# #...@.........#
~#÷~~~~~#..###.)...........#
~#~########..#.............#
~#~#~~~~# ##..#............#
~~~~~##.# ##..#..........#
~######## ##............
~~~~~~~~### ##.#........
######~##....##.##......


You could see Edmund.

Vanquished Creatures
  2 kobold brigands (Sewer)
  A hound (D:4)
  A jelly (D:4)
  2 orc priests (D:4)
  A gnoll bouda (D:4)
  An orc wizard (D:4)
  Robin (D:2)
  16 gnolls
  3 river rats (D:4)
  4 adders
  An ufetubus (D:4)
  5 worms
  6 orcs (D:4)
  9 ball pythons
  6 endoplasms
  2 giant cockroaches
  16 goblins
  9 hobgoblins
  3 quokkas
  5 bats
  2 frilled lizards (D:1)
  12 kobolds
  6 rats
114 creatures vanquished.

Notes
Turn   | Place    | Note
-------+----------+-------------------------------------------
     0 | D:1      | RepHenryClay the Deep Elf Conjurer began the quest for the
                  | Orb.
     0 | D:1      | Reached XP level 1. HP: 10/10 MP: 6/6
     8 | D:1      | You fall into a shaft and drop 1 floor!
   335 | D:2      | Found a faded altar of an unknown god.
   347 | D:2      | Reached skill level 5 in Conjurations
   347 | D:2      | Reached XP level 2. HP: 15/15 MP: 0/8
  1013 | D:1      | Reached XP level 3. HP: 19/19 MP: 5/9
  1537 | D:1      | Learned a level 2 spell: Searing Ray
  1860 | D:2      | Noticed Robin
  1917 | D:2      | Killed Robin
  1918 | D:2      | Reached XP level 4. HP: 24/24 MP: 1/10
  2286 | D:3      | Found an ornate altar of the Wu Jian Council.
  2335 | D:3      | Reached skill level 6 in Conjurations
  2551 | D:3      | Learned a level 4 spell: Iskenderun's Mystic Blast
  2623 | D:3      | Reached XP level 5. HP: 28/28 MP: 4/12
  3217 | D:4      | Found a glowing drain.
  3222 | Sewer    | Entered a sewer
  3563 | Sewer    | Reached skill level 5 in Dodging
  3563 | Sewer    | Reached XP level 6. HP: 7/32 MP: 4/14
  4040 | D:4      | Found Jeoggif's Distillery.
  4044 | D:4      | Found Nueph's Book Emporium.
  4044 | D:4      | Found Dise's Distillery.
  4044 | D:4      | Found Zuedea's Book Emporium.
  4175 | D:4      | Reached skill level 5 in Spellcasting
  4280 | D:4      | Reached XP level 7. HP: 36/36 MP: 9/16
  4444 | D:4      | Identified the +5 ring mail of Monotheism {Int+2}
  4494 | D:4      | Found a staircase to the Ecumenical Temple.
  4554 | Temple   | Entered the Ecumenical Temple
  4572 | Temple   | Became a worshipper of Vehumet
  4660 | D:4      | Reached skill level 7 in Conjurations
  4908 | D:4      | Noticed Edmund
  4930 | D:4      | Slain by Edmund

Illustrated notes

Levels and vault maps discovered:
D:1:      shiori_shiawase, layout_loops_corners
D:2:      layout_basic, hellmonk_ecumenical_altar_arch_garden, uniq_robin
D:3:      layout_rooms, nzn_wu_jian_contemplation, roderic_malta_cross
D:4:      layout_cave_pods, minmay_temple_entry_proselytizer,
          lightli_sewer_entry_pipes, kennysheep_flooded_box,
          minmay_shop_grid_forest, grunt_ministairs_14, uniq_edmund
Temple:   chequers_temple_sunken

Skill      XL: |  1  2  3  4  5  6  7 |
---------------+----------------------+-----
Conjurations   | 5 6 7 |  7.0
Dodging        | 3 4 5 6 |  6.5
Spellcasting   | 4 5 |  5.5
Stealth        | |  2.4

Action                     |  1- 3 |  4- 6 |  7- 9 || total
---------------------------+-------+-------+-------++-------
  Melee: Dagger            |     5 |    52 |    20 ||    77
         Punch             |       |     1 |       ||     1
   Cast: Magic Dart        |    48 |   103 |    17 ||   168
         Searing Ray       |     4 |    15 |     3 ||    22
    Use: Potion            |       |     1 |     1 ||     2
   Stab: Sleeping          |     1 |     1 |       ||     2
 Armour: Robe              |     4 |    10 |       ||    14
  Dodge: Dodged            |    10 |    28 |    27 ||    65

Table legend: (Time is in decaauts)
 A = Elapsed time spent in this place.
 B = Non-inter-level travel time spent in this place.
 C = Inter-level travel time spent in this place.
 D = Time resting spent in this place.
 E = Time spent auto-exploring this place.
 F = Levels seen in this place.
 G = Mean time per level.
                   A        B        C        D        E       F      G
               +--------+--------+--------+--------+--------+-----+--------+
         Total |   5034 |   4874 |    160 |    403 |   3719 |   6 |  839.0 |
       Dungeon |   4297 |   4174 |    123 |    401 |   3129 |   4 | 1074.2 |
        Temple |     37 |      1 |     36 |      0 |      0 |   1 |   37.0 |
         Sewer |    699 |    699 |      0 |      2 |    589 |   1 |  699.0 |
               +--------+--------+--------+--------+--------+-----+--------+

Top non-repeatable levels by time:
     D:1: 1336 daAuts
     D:4: 1216 daAuts
     D:2: 934 daAuts
     D:3: 810 daAuts
   Sewer: 699 daAuts
  Temple: 37 daAuts
